 Dungeon Crawl Stone Soup version 0.28-a0-1159-g27aa881441 (webtiles) character file.

Game seed: 4106580041680667876

59794 ytrimaz the Fighter (level 14, -5/118 (121) HPs)
             Began as a Demonspawn Fighter on Dec 14, 2021.
             Was a High Priest of Ru.
             Slain by a reaper (8 damage)
             ... in a Gauntlet on Dec 15, 2021.
             The game lasted 00:30:55 (22745 turns).

ytrimaz the Fighter (Demonspawn Fighter)           Turns: 22745, Time: 00:30:55

HP:   -5/118 (121)  AC: 34    Str: 22    XL:     14   Next: 54%
MP:   0/21          EV:  8    Int:  9    God:    Ru [*****.]
Gold: 1477          SH:  6    Dex: 17    Spells: 13/13 levels left

rFire   + . .      SeeInvis +     - Unarmed
rCold   . . .      Faith    .   c - +0 buckler
rNeg    + . .      Spirit   +   G - +6 chain mail of Infinity {rF+ rN+ Dex-2 SInv}
rPois   +          Reflect  .   i - +2 hat
rElec   .          Harm     .   x - +2 cloak {rPois}
rCorr   .          Rampage  .   (no gloves)
Will    +....      NoTele   +   g - +0 pair of boots
Stlth   ..........              w - amulet of guardian spirit
HPRegen 0.29/turn               q - +6 ring of dexterity
MPRegen 0.17/turn               u - ring of magical power

@: exhausted, sanguine armoured, hasted, lightly drained, very quick
A: claws 2, ignite blood 2, low mp 1, hated by all, inability to train dodging,
unskilled 1, sanguine armour 2, demonic magic 2
a: Renounce Religion, Draw Out Power, Power Leap, Apocalypse


You were in a Gauntlet.
You worshipped Ru.
Ru was extremely pleased with you.
You visited 3 branches of the dungeon, and saw 18 of its levels.
You also visited: Gauntlet.

You collected 1477 gold pieces.

Inventory:

Hand Weapons
 a - a +1 broad axe of flaming
Armour
 b - a +0 kite shield
 c - a +0 buckler (worn)
 g - a +0 pair of boots (worn)
 i - a +2 hat (worn)
 o - the +7 Kryia's mail coat {PotionHeal*2 rC+}
   (You found it on level 7 of the Dungeon)

   Potions are twice as effective at healing its wearer.
   rC:        It protects you from cold.
 x - a +2 cloak of poison resistance (worn)
 G - the +6 chain mail of Infinity (worn) {rF+ rN+ Dex-2 SInv}
   (You found it on level 14 of the Dungeon)

   Dex:       It affects your dexterity (-2).
   rF:        It protects you from fire.
   rN:        It protects you from negative energy.
   SInv:      It lets you see invisible.
Jewellery
 n - a ring of poison resistance
 q - a +6 ring of dexterity (left claw)
 u - a ring of magical power (right claw)
 w - an amulet of guardian spirit (around neck)
Wands
 d - a wand of iceblast (25)
 p - a wand of polymorph (26)
 s - a wand of mindburst (13)
 z - a wand of flame (10)
Scrolls
 e - 4 scrolls of magic mapping
 j - 6 scrolls of teleportation
 k - 3 scrolls of blinking
 l - a scroll of torment
 m - a scroll of noise
 r - 2 scrolls of amnesia
 y - 4 scrolls of identify
 D - 2 scrolls of acquirement
 E - a scroll of fog
Potions
 f - 4 potions of lignification
 h - 2 potions of ambrosia
 t - 3 potions of attraction
 A - a potion of brilliance
 B - 3 potions of flight
 C - 2 potions of curing
 F - a potion of cancellation
 H - a potion of magic


   Skills:
 * Level 14.9 Fighting
 - Level 6.1 Axes
 * Level 12.7 Armour
 - Level 6.0 Shields
 * Level 8.6 Unarmed Combat


You had 13 spell levels left.
You didn't know any spells.
Your spell library contained the following spells:

 Spells                   Type           Power      Damage    Failure   Level
 Apportation              Tloc           0%         N/A       91%         1
 Frozen Ramparts          Ice            0%         1d2       100%        3
 Ozocubu's Armour         Ice            0%         N/A       100%        3
 Portal Projectile        Hex/Tloc       0%         N/A       100%        3
 Airstrike                Air            0%         N/A       100%        4
 Fulminant Prism          Conj/Hex       0%         3d6       100%        4
 Iskenderun's Mystic Bla  Conj/Tloc      0%         2d3       100%        4
 Leda's Liquefaction      Hex/Erth       0%         N/A       100%        4
 Alistair's Intoxication  Tmut/Pois      0%         N/A       100%        5
 Lee's Rapid Deconstruct  Erth           0%         3d5*      100%        5
 Lightning Bolt           Conj/Air       0%         1d11      100%        5
 Metabolic Englaciation   Hex/Ice        0%         N/A       100%        5
 Summon Small Mammal      Summ           Unusable   N/A       N/A         1
 Call Canine Familiar     Summ           Unusable   N/A       N/A         3
 Summon Guardian Golem    Hex/Summ       Unusable   N/A       N/A         3
 Summon Ice Beast         Ice/Summ       Unusable   N/A       N/A         4
 Summon Lightning Spire   Summ/Air       Unusable   N/A       N/A         4

Dungeon Overview and Level Annotations

Branches:
Dungeon (15/15)            Temple (1/1) D:4            Lair (0/6) D:9
    Orc (2/2) D:10            Elf (0/3) Orc:2        Vaults (0/5) D:13
 Depths (0/4) D:15        Gauntlet (1/1)

Altars:
Ashenzari
Cheibriados
Dithmenos
Elyvilon
Fedhas
Gozag
Hepliaklqana
Kikubaaqudgha
Makhleb
Nemelex Xobeh
Okawaru
Qazlal
Ru
Sif Muna
Trog
Uskayaw
Vehumet
Wu Jian
Xom
Yredelemnul
Zin
The Shining One

Shops:
D:7 =

Annotations:
D:12 2 transporters, SnakkuSnakku7's ghost, journeyman DsCA Gauntlet 13 transporters, exclusion: 2 lightning spires


Innate Abilities, Weirdness & Mutations

You have very sharp fingernails.
Your demonic aura often causes spilled blood to erupt in flames.
Your magical capacity is low. (-10% MP)
You are hated by all.
You cannot train Dodging skill.
You are somewhat unskilled. (-1 Apt)
When seriously injured, your blood forms thick armour. (AC +9)
Spells you cast may paralyse nearby enemies.


Message History

* * * LOW HITPOINT WARNING * * *
Unknown command.
Okay, then.
Unknown command.
Throw: throwing net
Press: ? - help, Q - select action, (/) - cycle Shift-Dir - straight line, f - reaper
Aim: a reaper, wielding a +0 scythe of freezing (heavily wounded, 67% to hit)
You throw a throwing net.
The throwing net closely misses the reaper.
The reaper hits you with a +0 scythe of freezing.
* * * LOW HITPOINT WARNING * * *
The reaper freezes you.
* * * LOW HITPOINT WARNING * * *
Unknown command.
Unknown command.
Okay, then.
Unknown command.
Really quaff the potion of lignification?
Okay, then.
Unknown command.
Unknown command.
You mangle the reaper!!
The reaper is severely wounded.
Unknown command.
You scratch the reaper but do no damage.
The reaper is severely wounded.
The reaper is stunned by your conviction and fails to attack.
You scratch the reaper.
The reaper is almost dead.
You claw the reaper!
The reaper is almost dead.
The reaper is stunned by your conviction and fails to attack.
You scratch the reaper.
The reaper is almost dead.
You scratch the reaper but do no damage.
The reaper is almost dead.
The reaper hits you with a +0 scythe of freezing!!
* * * LOW HITPOINT WARNING * * *
The reaper freezes you!
You die...

.........≈.............≈......©..
########...###########...########
??©.bhb#...##.......##...#..##...
##.##bh#...#.#.....#.#...#.##.###
..#b.#h#...#?.#...#..#...#.#.##.#
..#..#.#.###[..#.#...###.#.#.#.#.
#####..#.#©#©...#©...#©#.#.#.#©#.
.©#..#.#.#.#"..#2#...#.#.#.#.#†#.
..#..#.#.#.#..#.@.#..#.#.#.##.##.
##.##..#.#.#.#.....#.#.#.#..###.#
hbbbbhh#.#.##.......##.#.#.....##
##########.###########.##########
.#©........#≈≈≈§8≈≈≈≈#........©#.
.#########.###########.#########.
.........#.#....h....#.#.........
.........#.#.##...##.#.#.........
#######..#.#[#8#.#.#.#.#..#######


You could see a reaper and a raiju.

Vanquished Creatures
  Kirke (D:12)
  A shadow dragon (D:13)
  Agnes (D:15)
  Snorg (D:10)
  2 ettins
  5 boulder beetles
  2 hydras
  A catoblepas (D:15)
  2 dancing weapons (D:13)
  4 two-headed ogres
  6 tengu warriors
  8 centaur warriors
  Sonja (Orc:1)
  A deep elf knight (D:15)
  2 skeletal warriors
  A glowing orange brain (D:15)
  Pikel (D:5)
  A wizard (D:15)
  An orc knight (D:15)
  A necromancer (D:15)
  A deep elf pyromancer (D:13)
  2 orc sorcerers (Orc:2)
  5 manticores
  4 cyclopes
  2 ugly things
  An ice statue (Gauntlet)
  Maurice (D:11)
  5 centaur zombies
  A rime drake (Gauntlet)
  5 kobold demonologists
  An efreet (D:13)
  A freezing wraith (D:13)
  3 tengu conjurers
  A hellwing (Gauntlet)
  4 trolls
  4 meliai
  Grinder (D:4)
  2 hornets
  10 slime creatures
  2 wyverns
  5 wraiths
  A vampire (D:10)
  2 water elementals (D:15)
  Eustachio (D:5)
  3 shadows
  9 yaks (D:12)
  3 hogs (D:12)
  2 humans (D:12)
  3 steam dragons
  8 vampire mosquitoes
  4 wargs
  A water moccasin (D:7)
  A meliai simulacrum (D:14)
  A black bear (D:7)
  An ice beast (shapeshifter) (D:13)
  2 ice beasts
  3 ogres
  16 orc warriors
  2 necrophages (D:7)
  5 centaurs (D:14)
  7 kobold brigands
  3 lemures (D:5)
  2 bullfrogs (D:8)
  A wyvern zombie (D:6)
  2 gnoll sergeants
  3 scorpions
  3 wights (D:9)
  2 electric eels (D:15)
  4 howler monkeys
  A bullfrog zombie (D:5)
  A centaur skeleton (D:6)
  11 orc priests
  3 hounds
  Crazy Yiuf (D:5)
  6 iguanas
  Ijyb (D:3)
  13 orc wizards
  A killer bee zombie (D:7)
  13 gnolls
  4 howler monkey skeletons
  9 adders
  2 shadow imps
  A white imp (D:8)
  2 ufetubi
  An adder zombie (D:5)
  4 dart slugs
  67 orcs
  7 endoplasms
  A giant cockroach (D:4)
  3 goblins
  5 hobgoblins
  7 jackals
  18 kobolds
  5 quokkas
  7 ball pythons
  3 bats (D:3)
  A frilled lizard (D:2)
  4 rats
401 creatures vanquished.

Vanquished Creatures (others)
  An ogre mage (D:13)
  A hydra (D:14)
  2 hell knights
  A gargoyle (D:13)
  2 slime creatures (D:12)
  An orc warrior (Orc:1)
  4 orcs
  6 fungi
  13 plants
31 creatures vanquished.

Grand Total: 432 creatures vanquished

Notes
Turn   | Place    | Note
-------+----------+-------------------------------------------
     0 | D:1      | ytrimaz the Demonspawn Fighter began the quest for the Orb.
     0 | D:1      | Reached XP level 1. HP: 18/18 MP: 1/1
    65 | D:1      | You fall into a shaft and drop 1 floor!
   136 | D:2      | Gained mutation: When seriously injured, your blood forms
                  | armour. (AC +9) [demonic ancestry]
   136 | D:2      | Reached XP level 2. HP: 15/24 MP: 2/2
   138 | D:2      | Found a hide-covered altar of Uskayaw.
   715 | D:2      | Gained mutation: When seriously injured, your blood forms
                  | thick armour. (AC +9) [demonic ancestry]
   715 | D:2      | Reached XP level 3. HP: 29/29 MP: 3/3
  1096 | D:3      | Gained mutation: Your demonic aura sometimes causes spilled
                  | blood to erupt in flames. [demonic ancestry]
  1096 | D:3      | Reached XP level 4. HP: 12/36 MP: 4/4
  1707 | D:3      | Noticed Ijyb
  1715 | D:3      | Killed Ijyb
  2281 | D:4      | Gained mutation: Your demonic aura often causes spilled
                  | blood to erupt in flames. [demonic ancestry]
  2281 | D:4      | Reached XP level 5. HP: 42/42 MP: 5/5
  2404 | D:4      | Noticed Grinder
  2417 | D:4      | Paralysed by Grinder for 4 turns
  2431 | D:4      | Paralysed by Grinder for 7 turns
  2452 | D:4      | Killed Grinder
  2453 | D:4      | Reached skill level 4 in Fighting
  2453 | D:4      | Reached XP level 6. HP: 23/48 MP: 6/6
  2659 | D:4      | Found a staircase to the Ecumenical Temple.
  2941 | D:4      | Found a sparkling altar of Nemelex Xobeh.
  3001 | Temple   | Entered the Ecumenical Temple
  3242 | Temple   | Became a worshipper of Ru the Awakened
  3481 | D:5      | Entered Level 5 of the Dungeon
  3580 | D:5      | Reached XP level 7. HP: 49/54 MP: 7/7
  3938 | D:5      | Noticed Eustachio
  3947 | D:5      | Killed Eustachio
  3948 | D:5      | Reached skill level 5 in Armour
  4192 | D:5      | Reached skill level 5 in Axes
  4425 | D:5      | Found a runed translucent door.
  4426 | D:5      | Noticed Crazy Yiuf
  4601 | D:5      | Noticed Pikel
  4619 | D:5      | Killed Pikel
  4620 | D:5      | Reached skill level 5 in Fighting
  4620 | D:5      | Gained mutation: Spells you cast may paralyse adjacent
                  | enemies. [demonic ancestry]
  4620 | D:5      | Reached XP level 8. HP: 28/64 MP: 8/8
  4880 | D:5      | Killed Crazy Yiuf
  5054 | D:6      | Gained mutation: You are hated by all. [Ru sacrifice]
  5054 | D:6      | Reached * piety under Ru
  5054 | D:6      | Reached ** piety under Ru
  5526 | D:6      | Reached skill level 6 in Fighting
  5647 | D:7      | Found the +7 Kryia's mail coat {PotionHeal*2 rC+}
  5731 | D:7      | Gained mutation: You have sharp fingernails. [demonic
                  | ancestry]
  5731 | D:7      | Reached XP level 9. HP: 56/69 MP: 9/9
  5735 | D:7      | Reached skill level 5 in Shields
  5738 | D:7      | Found Kususm's One-of-a-Kind Rings.
  6065 | D:7      | Reached skill level 1 in Unarmed Combat
  6086 | D:7      | Noticed a boulder beetle
  6153 | D:7      | HP: 2/71 [boulder beetle (15)]
  6162 | D:7      | Killed a boulder beetle
  6163 | D:7      | Reached skill level 7 in Fighting
  6523 | D:7      | Found a hide-covered altar of Uskayaw.
  6523 | D:7      | Found an ornate altar of the Wu Jian Council.
  6533 | D:7      | Found a radiant altar of Vehumet.
  6535 | D:7      | Found a stormy altar of Qazlal.
  7123 | D:8      | Reached skill level 8 in Fighting
  7177 | D:8      | Gained mutation: Spells you cast may paralyse nearby
                  | enemies. [demonic ancestry]
  7177 | D:8      | Reached XP level 10. HP: 70/80 MP: 10/10
  7471 | D:8      | Gained mutation: Your magical capacity is low. (-10% MP)
                  | [Ru sacrifice]
  7472 | D:8      | Upgraded the game from 0.28-a0-1152-g9c71ebef14 to
                  | 0.28-a0-1159-g27aa881441
  7685 | D:8      | Noticed a manticore
  7696 | D:8      | Killed a manticore
  7709 | D:8      | Got the Reference Book on Cold
  8427 | D:9      | Found a staircase to the Lair.
  8441 | D:9      | Reached skill level 9 in Fighting
  9088 | D:9      | Identified a scroll of acquirement
  9089 | D:9      | Acquired a +1 vorpal broad axe
  9963 | D:10     | Entered Level 10 of the Dungeon
 10136 | D:10     | Noticed Snorg
 10146 | D:10     | Killed Snorg
 10496 | D:10     | Reached skill level 10 in Fighting
 10496 | D:10     | Reached XP level 11. HP: 83/90 MP: 9/9
 10612 | D:10     | Gained mutation: You are somewhat unskilled. (-1 Apt) [Ru
                  | sacrifice]
 10612 | D:10     | Reduced skill Fighting to level 9
 10612 | D:10     | Reached *** piety under Ru
 11017 | D:10     | Found a staircase to the Orcish Mines.
 11400 | D:11     | Noticed a cyan ugly thing
 11408 | D:11     | Killed a cyan ugly thing
 11619 | D:11     | Reached skill level 10 in Fighting
 11621 | D:11     | Reached skill level 11 in Fighting
 11621 | D:11     | Reached skill level 5 in Unarmed Combat
 11621 | D:11     | Reached XP level 12. HP: 100/100 MP: 10/10
 11631 | D:11     | Noticed Maurice
 11674 | D:11     | Killed Maurice
 11810 | D:11     | Noticed a two-headed ogre
 11821 | D:11     | Killed a two-headed ogre
 11822 | D:11     | Reached skill level 10 in Armour
 12052 | D:11     | Noticed a two-headed ogre
 12060 | D:11     | Killed a two-headed ogre
 12285 | D:11     | Noticed a two-headed ogre
 12291 | D:11     | Killed a two-headed ogre
 12755 | D:12     | Reached skill level 12 in Fighting
 13025 | D:12     | Found a transporter.
 13025 | D:12     | Noticed a centaur warrior
 13025 | D:12     | Noticed SnakkuSnakku7's ghost (journeyman DsCA)
 13026 | D:12     | Noticed a four-headed hydra
 13029 | D:12     | Noticed a fire giant
 13424 | D:12     | Found a transporter.
 13839 | D:12     | Noticed Kirke
 14206 | D:12     | Killed Kirke
 14207 | D:12     | Reached XP level 13. HP: 99/109 MP: 11/11
 14598 | D:13     | Found a gate to the Vaults.
 15036 | D:13     | Gained mutation: You cannot train Dodging skill. [Ru
                  | sacrifice]
 15036 | D:13     | Reached **** piety under Ru
 15036 | D:13     | Reached ***** piety under Ru
 15454 | D:13     | Reached skill level 13 in Fighting
 16505 | D:13     | Reached skill level 14 in Fighting
 16935 | D:13     | Noticed an ettin
 16936 | D:13     | Noticed a shadow dragon
 16945 | D:13     | Killed an ettin
 16948 | D:13     | Killed a shadow dragon
 17608 | D:14     | Found a burning altar of Makhleb.
 17610 | D:14     | Noticed a green death
 17650 | D:14     | Gained mutation: You have very sharp fingernails. [demonic
                  | ancestry]
 17650 | D:14     | Reached XP level 14. HP: 107/118 MP: 12/12
 17710 | D:14     | Found an ornate altar of the Wu Jian Council.
 17844 | D:14     | Identified the +6 chain mail of Infinity {rF+ rN+ Dex-2
                  | SInv}
 18847 | D:15     | Entered Level 15 of the Dungeon
 19862 | D:15     | Found a bloodstained altar of Trog.
 19939 | D:15     | Found a staircase to the Depths.
 20481 | D:15     | Noticed Agnes
 20493 | D:15     | Killed Agnes
 21302 | Orc:1    | Entered Level 1 of the Orcish Mines
 21311 | Orc:1    | Noticed Sonja
 21322 | Orc:1    | Killed Sonja
 21542 | Orc:1    | You fall into a shaft and drop 1 floor!
 21542 | Orc:2    | Entered Level 2 of the Orcish Mines
 21542 | Orc:2    | Found a staircase to the Elven Halls.
 21763 | Orc:2    | Found a gate leading to a gauntlet.
 21772 | Gauntlet | Entered a Gauntlet
 21772 | Gauntlet | Found a transporter.
 21772 | Gauntlet | Found a transporter.
 21857 | Gauntlet | Found a transporter.
 21857 | Gauntlet | Found a transporter.
 21864 | Gauntlet | Noticed a reaper
 21867 | Gauntlet | Found a transporter.
 21877 | Gauntlet | Found a transporter.
 21877 | Gauntlet | Found a transporter.
 21881 | Gauntlet | Found a transporter.
 21887 | Gauntlet | Found a transporter.
 21893 | Gauntlet | Found a transporter.
 21938 | Gauntlet | Found a transporter.
 21995 | Gauntlet | Found a transporter.
 22011 | Gauntlet | Found a transporter.
 22100 | Gauntlet | Found a transporter.
 22117 | Gauntlet | Found a transporter.
 22133 | Gauntlet | Found a transporter.
 22745 | Gauntlet | HP: 3/118 [reaper (25)]
 22745 | Gauntlet | Slain by a reaper

Illustrated notes

Levels and vault maps discovered:
D:1:      eino_arrival_cavern_d, layout_basic, hellmonk_ecumenical_altar_zigzags
D:2:      layout_rooms, basic_altar
D:3:      layout_loops_cross, uniq_ijyb
D:4:      layout_rooms, nemelex_dance_club_becter, minmay_temple_entry_statues,
          uniq_grinder
D:5:      layout_loops_ring, uniq_pikel, uniq_eustachio, uniq_crazy_yiuf_cottage
D:6:      layout_cave_pools
D:7:      layout_cave_pods, chequers_temple_overflow_minitemple,
          nicolae_hepliaklqana_hazy_memory, nicolae_shop_unique_rings,
          kennysheep_generic_room_9
D:8:      layout_loops_ring, minmay_radiant
D:9:      layout_cave_pods, kennysheep_mini_moat, elyvilon_altar_4,
          erik_lair_orcish_takeover, minivault_5
D:10:     layout_small_grid, orc_0_dummy, special_room [special_room_orc],
          uniq_snorg
D:11:     layout_rooms, kennysheep_generic_room_6, uniq_maurice
D:12:     layout_roguey, gammafunk_ghost_arena, minivault_4, uniq_kirke
D:13:     minmay_nested_s, layout_basic, erik_vaults_1
D:14:     layout_loops_corners, nicolae_wu_jian_wuxing_cycle,
          makhleb_altar_promises_db
D:15:     hangedman_depths_entry_civil_slaughter, layout_basic,
          amethyst_killhole, hex_large, hangedman_abyss_or_decor_stagger,
          trog_butcher_becter, uniq_agnes
Temple:   oiseaux_autumnal_temple
Orc:1:    layout_caves, special_room [special_room_bee], uniq_sonja, uniq_harold
Orc:2:    st_orc_congregation, layout_diamond_mine, gauntlet_entry_generic
Gauntlet: gammafunk_gauntlet_branching [gammafunk_gauntlet_arena_spirals,
          gammafunk_gauntlet_arena_chambers, gammafunk_gauntlet_arena_corners,
          nicolae_gauntlet_arena_x, gammafunk_gauntlet_arena_arrow_garden,
          gammafunk_gauntlet_arena_grid, nicolae_gauntlet_arena_quarters,
          nicolae_gauntlet_arena_blocks, dreamdust_gauntlet_exit_labyrinth]

Skill      XL: |  1  2  3  4  5  6  7  8  9 10 11 12 13 14 |
---------------+-------------------------------------------+-----
Axes           | 2 3 4 6 |  6.1
Armour         | 3 4 5 6 7 9 9 10 12 | 12.7
Shields        | 3 4 5 6 |  6.0
Fighting       | 4 5 6 8 10 11 12 14 | 14.9
Unarmed Combat | 2 3 5 6 7 8 |  8.6

Action                   |  1- 3 |  4- 6 |  7- 9 | 10-12 | 13-15 || total
-------------------------+-------+-------+-------+-------+-------++-------
Melee: War axe           |    78 |   127 |   266 |   115 |       ||   586
       Broad axe         |       |       |       |   356 |   256 ||   612
       Unarmed           |       |       |       |     5 |   329 ||   334
Throw: Throwing net      |       |       |       |       |     1 ||     1
Invok: Sacrifice Love    |       |       |     1 |       |       ||     1
       Sacrifice Essence |       |       |       |     1 |       ||     1
       Sacrifice Skill   |       |       |       |     1 |       ||     1
       Draw Out Power    |       |       |       |     1 |     2 ||     3
       Power Leap        |       |       |       |       |     6 ||     6
       Apocalypse        |       |       |       |       |     1 ||     1
       Sacrifice Nimblen |       |       |       |       |     1 ||     1
       Reject Sacrifices |       |       |       |       |     1 ||     1
Evoke: Wand              |       |       |     1 |     1 |       ||     2
  Use: Scroll            |     5 |     4 |     6 |     9 |     3 ||    27
       Potion            |     1 |     1 |     8 |     1 |    10 ||    21
 Stab: Distracted        |       |       |     1 |     3 |     2 ||     6
       Invisible         |       |       |       |     1 |     7 ||     8
       Paralysed         |       |       |       |       |     6 ||     6
Armor: Scale mail        |    78 |    53 |    52 |   388 |   201 ||   772
       Skin              |       |     2 |       |     1 |       ||     3
       Plate armour      |       |    16 |   128 |       |       ||   144
       Chain mail        |       |       |       |       |   245 ||   245
Dodge: Dodged            |    49 |    49 |    84 |   274 |   259 ||   715
Block: Buckler           |    26 |    26 |    56 |   164 |   189 ||   461

Table legend: (Time is in decaauts)
 A = Elapsed time spent in this place.
 B = Non-inter-level travel time spent in this place.
 C = Inter-level travel time spent in this place.
 D = Time resting spent in this place.
 E = Time spent auto-exploring this place.
 F = Levels seen in this place.
 G = Mean time per level.
                   A        B        C        D        E       F      G
               +--------+--------+--------+--------+--------+-----+--------+
         Total |  23042 |  22433 |    609 |   1091 |  17458 |  19 | 1212.7 |
       Dungeon |  21342 |  20788 |    554 |    765 |  16521 |  15 | 1422.8 |
        Temple |    279 |    224 |     55 |      0 |    210 |   1 |  279.0 |
  Orcish Mines |    458 |    458 |      0 |      0 |    325 |   2 |  229.0 |
      Gauntlet |    963 |    963 |      0 |    326 |    402 |   1 |  963.0 |
               +--------+--------+--------+--------+--------+-----+--------+

Top non-repeatable levels by time:
    D:13: 3286 daAuts
    D:15: 2013 daAuts
    D:12: 1758 daAuts
    D:14: 1664 daAuts
     D:5: 1590 daAuts
     D:9: 1584 daAuts
    D:10: 1426 daAuts
     D:8: 1400 daAuts
     D:3: 1378 daAuts
     D:7: 1363 daAuts
    D:11: 1361 daAuts
Gauntlet: 963 daAuts
     D:4: 962 daAuts
     D:2: 872 daAuts
     D:6: 611 daAuts
